Map: Dragon Scales LE

Players

Jason - Winner!

  • Race: Terran Terran
  • League: Grandmaster
  • Spawn Location: 5:00

CabalSimp

  • Race: Protoss Protoss
  • League: Master
  • Spawn Location: 11:00

VOD

https://www.youtube.com/watch?v=xV3c2VRmn5g&ab_channel=JuggernautJason

Description

Time

  • Played on: Jan. 29, 2023, 4:02 p.m.
  • Length: 12:07
Show
View Real Time Build Order
Export as new Build Order

Jason Terran - Winner!

Build Orders:  

Get SALT Encoding   

  12  0:00  SCV  
  13  0:12  SCV  
  14  0:17  Supply Depot  
  14  0:24  SCV  
  15  0:39  SCV  
  15  0:41  Barracks  
  16  0:45  Refinery  
  16  0:51  SCV  
  16  0:55  Refinery  
  17  1:03  SCV  
  18  1:08  Supply Depot  
  18  1:15  SCV  
  19  1:28  Reaper  
  19  1:29  Orbital Command  
  20  1:49  Factory  
  20  1:56  SCV  
  21  2:02  Barracks Reactor  
  21  2:08  SCV  
  22  2:20  SCV  
  22  2:22  Command Center  
  23  2:32  SCV  
  23  2:35  Widow Mine  
  26  2:40  Marine x2  
  26  2:41  Supply Depot  
  28  2:45  SCV  
  29  2:54  Starport  
  29  2:57  Widow Mine  
  31  3:03  Marine, SCV  
  33  3:15  SCV  
  33  3:16  Marine  
  35  3:24  Factory Tech Lab  
  35  3:27  SCV  
  35  3:33  Viking  
  38  3:39  SCV  
  38  3:41  Marine x2  
  39  3:44  Cyclone  
  44  3:51  SCV  
  44  3:53  Orbital Command  
  45  3:59  Bunker  
  45  4:04  SCV  
  45  4:06  Barracks  
  46  4:16  SCV  
  46  4:20  SCV  
  46  4:21  Barracks  
  46  4:23  Cyclone  
  50  4:28  Supply Depot, SCV  
  51  4:32  SCV  
  51  4:33  Starport Tech Lab  
  51  4:36  Marine  
  51  4:37  Marine  
  54  4:47  Supply Depot  
  54  4:49  SCV x2  
  56  4:53  Supply Depot  
  56  5:00  Refinery  
  56  5:01  Starport Reactor, SCV  
  56  5:02  SCV  
  58  5:07  Engineering Bay  
  58  5:08  Factory Reactor  
  58  5:09  Stimpack  
  58  5:11  Refinery  
  58  5:14  SCV  
  59  5:15  Marauder  
  59  5:17  SCV  
  59  5:18  Combat Shield  
  62  5:22  Marauder, Marine  
  62  5:23  Marine  
  62  5:26  SCV  
  67  5:29  SCV  
  67  5:35  Supply Depot  
  68  5:38  SCV  
  68  5:40  Marine  
  68  5:41  Marauder, Marine, SCV  
  74  5:46  Marauder, Widow Mine  
  78  5:51  Supply Depot  
  82  5:57  Widow Mine, SCV x2  
  82  5:59  Medivac x2  
  86  6:07  Terran Infantry Weapons Level 1  
  86  6:12  Supply Depot, Marine x2  
  86  6:13  Marauder  
  86  6:15  Supply Depot  
  86  6:16  Marauder  
  92  6:21  Widow Mine  
  94  6:30  Widow Mine, Marine x2, SCV  
  99  6:33  Medivac  
  99  6:35  Supply Depot  
  99  6:39  Supply Depot  
  99  6:42  Marine  
  99  6:43  Marauder  
  99  6:45  Widow Mine  
  104  6:48  Medivac, Marine x2  
  104  6:52  Supply Depot, Concussive Shells  
  108  7:00  Marine  
  109  7:04  Marauder  
  109  7:06  Marine x2  
  109  7:08  Widow Mine x2  
  117  7:11  Supply Depot  
  117  7:12  Supply Depot  
  117  7:18  Marauder  
  119  7:24  Marine x2  
  119  7:25  Marauder  
  119  7:29  Widow Mine x2  
  127  7:35  Medivac  
  127  7:36  Medivac  
  131  7:39  Marine  
  131  7:42  Marine x2  
  134  7:47  Marauder  
  134  7:50  Widow Mine  
  124  8:03  Marine x2  
  124  8:04  Marauder  
  119  8:05  Viking  
  119  8:06  Viking  
  119  8:08  Marine  
  119  8:17  Command Center  
  110  8:23  Marine x2  
  110  8:25  Marauder  
  110  8:26  Marauder  
  116  8:29  SCV  
  116  8:30  Barracks  
  116  8:31  SCV, Barracks  
  118  8:42  Viking x2  
  118  8:44  SCV x2  
  118  8:47  Marauder x2  
  128  8:52  Supply Depot  
  128  8:55  Marine x2  
  128  8:58  SCV  
  128  8:59  SCV  
  132  9:05  Terran Infantry Armor Level 1  
  132  9:07  Armory  
  132  9:08  Marauder  
  134  9:15  Viking x2  
  138  9:22  SCV x2  
  138  9:34  Ghost Academy, SCV x2  
  138  9:37  Refinery  
  140  9:39  Refinery  
  140  9:41  Marauder  
  140  9:43  Marauder  
  140  9:44  Barracks Tech Lab  
  144  9:46  Barracks Tech Lab, SCV  
  145  9:54  Sensor Tower  
  145  9:57  Orbital Command  
  145  10:01  Terran Ship Weapons Level 1  
  145  10:07  SCV  
  146  10:12  Viking  
  150  10:16  Viking  
  154  10:26  SCV x3  
  159  10:36  Bunker  
  159  10:37  Supply Depot  
  159  10:38  Unknown, SCV  
  159  10:41  Engineering Bay  
  159  10:42  Marine  
  163  10:47  Unknown  
  163  10:48  Viking  
  163  10:49  Viking  
  167  10:52  Unknown  
  167  11:00  Marine x2  
  175  11:04  Marine, Unknown  
  175  11:06  Supply Depot  
  176  11:18  Marine x2  
  177  11:23  Marauder  
  180  11:27  Unknown x2  
  180  11:28  Unknown  
  128  11:56  Unknown  
Show
View Real Time Build Order
Export as new Build Order

CabalSimp Protoss 

Build Orders: 1 Gate Expand, Phoenix Opening, Colossus Rush 

Get SALT Encoding   

  12  0:00  Probe  
  13  0:12  Probe  
  14  0:18  Pylon  
  14  0:24  Probe (Chrono Boost)  
  15  0:36  Probe (Chrono Boost)  
  15  0:37  Gateway  
  16  0:45  Probe (Chrono Boost)  
  16  0:46  Assimilator  
  17  0:51  Probe  
  18  1:03  Probe  
  19  1:15  Probe  
  20  1:22  Nexus  
  20  1:32  Cybernetics Core  
  20  1:35  Probe  
  21  1:40  Assimilator  
  21  1:49  Pylon  
  21  1:50  Probe  
  22  2:01  Probe  
  22  2:05  Adept (Chrono Boost)  
  25  2:09  Probe  
  26  2:17  Probe  
  26  2:18  Stargate  
  27  2:26  Warp Gate  
  27  2:29  Probe  
  28  2:31  Adept  
  28  2:36  Probe  
  31  2:46  Probe (Chrono Boost)  
  31  2:50  Probe (Chrono Boost)  
  33  3:04  Phoenix (Chrono Boost)  
  33  3:05  Probe (Chrono Boost)  
  37  3:06  Probe (Chrono Boost)  
  37  3:10  Pylon  
  37  3:11  Probe  
  38  3:14  Robotics Facility, Probe  
  38  3:17  Shield Battery  
  39  3:23  Adept  
  39  3:25  Probe  
  42  3:28  Probe  
  42  3:33  Phoenix (Chrono Boost)  
  45  3:38  Probe  
  45  3:40  Probe  
  47  3:48  Assimilator  
  47  3:49  Assimilator  
  47  3:50  Probe  
  47  3:52  Probe  
  47  3:53  Phoenix (Chrono Boost)  
  51  4:01  Pylon  
  51  4:02  Probe  
  52  4:04  Probe  
  52  4:07  Gateway  
  54  4:10  Observer  
  54  4:19  Probe  
  54  4:20  Pylon, Probe  
  54  4:21  Phoenix (Chrono Boost)  
  58  4:31  Pylon  
  58  4:32  Probe  
  58  4:34  Probe  
  60  4:38  Phoenix (Chrono Boost)  
  60  4:44  Probe  
  61  4:52  Robotics Bay  
  61  4:54  Zealot, Immortal (Chrono Boost)  
  61  4:59  Probe  
  68  5:07  Probe  
  68  5:08  Phoenix  
  71  5:17  Nexus  
  71  5:23  Pylon  
  71  5:25  Zealot, Sentry  
  75  5:37  Phoenix  
  75  5:38  Colossus (Chrono Boost)  
  83  5:45  Probe  
  83  5:46  Probe  
  85  5:51  Pylon  
  85  5:56  Extended Thermal Lance  
  86  5:57  Probe  
  86  5:58  Pylon  
  86  6:03  Observer  
  86  6:09  Phoenix (Chrono Boost)  
  86  6:10  Probe  
  89  6:12  Shield Battery  
  89  6:15  Observer  
  89  6:20  Twilight Council  
  89  6:22  Gateway  
  89  6:25  Gateway, Probe  
  90  6:29  Phoenix (Chrono Boost)  
  92  6:38  Probe  
  92  6:39  Colossus (Chrono Boost)  
  93  6:40  Probe  
  93  6:45  Probe  
  101  6:50  Zealot x2, Probe  
  106  6:57  Charge (Chrono Boost), Gateway  
  106  6:58  Gateway  
  106  7:03  Probe x2  
  106  7:04  Probe  
  106  7:05  Assimilator  
  109  7:10  Assimilator  
  109  7:11  Pylon  
  110  7:15  Probe x2  
  110  7:16  Probe  
  112  7:24  Zealot x2  
  112  7:26  Pylon  
  122  7:36  Probe  
  123  7:38  Pylon  
  123  7:39  Pylon  
  123  7:41  Zealot  
  125  7:45  Probe  
  125  7:48  Zealot x3  
  85  8:07  Probe (Chrono Boost)  
  85  8:08  Probe (Chrono Boost)  
  80  8:13  Probe (Chrono Boost)  
  80  8:17  Probe (Chrono Boost)  
  80  8:19  Probe (Chrono Boost)  
  79  8:20  Zealot x6  
  79  8:21  Probe (Chrono Boost)  
  79  8:22  Probe (Chrono Boost)  
  79  8:25  Templar Archives  
  93  8:32  Probe (Chrono Boost)  
  96  8:34  Probe (Chrono Boost)  
  96  8:38  Probe (Chrono Boost)  
  96  8:40  Gateway  
  96  8:41  Probe (Chrono Boost)  
  96  8:43  Gateway, Probe (Chrono Boost)  
  96  8:45  Probe (Chrono Boost)  
  96  8:48  Probe  
  98  8:50  Sentry  
  98  8:52  Psionic Storm, Probe  
  98  8:55  Robotics Facility  
  102  8:56  Probe  
  102  9:00  Probe  
  104  9:04  High Templar x3, Probe  
  104  9:08  Probe  
  112  9:11  High Templar  
  112  9:12  Zealot x2, Probe  
  112  9:16  Probe  
  120  9:18  Pylon  
  120  9:20  Probe  
  121  9:24  Probe  
  121  9:26  Pylon  
  122  9:31  Forge  
  122  9:39  High Templar  
  122  9:40  High Templar  
  122  9:43  Archon  
  126  9:48  Disruptor (Chrono Boost), Probe  
  130  9:59  Protoss Ground Weapons Level 1 (Chrono Boost)  
  130  10:01  Nexus  
  130  10:02  Pylon  
  130  10:08  Probe  
  130  10:11  Stalker x3  
  130  10:12  Forge  
  130  10:13  Probe  
  138  10:16  Probe  
  138  10:19  Pylon  
  138  10:20  Zealot, Probe  
  142  10:25  Observer (Chrono Boost)  
  143  10:29  Stalker x3  
  143  10:30  Zealot  
  151  10:44  Probe x2  
  151  10:46  Disruptor (Chrono Boost)  
  156  10:52  Shield Battery  
  156  10:55  Photon Cannon  
  156  10:58  Robotics Facility  
  156  11:00  Pylon  
  156  11:08  Probe  
  156  11:10  Stalker x3  
  163  11:20  Stalker x2  
  159  11:36  Archon x2  
  159  11:38  Probe  
  132  11:42  Zealot x6  
  110  11:47  Probe  
  110  11:52  Zealot x2  
Tags
 
Add a new tag
Caveats
  • Supply blocks, unpowered buildings, or Contaminate may cause inaccurate times.
  • Supply counts are checked every 10 seconds.